 Dungeon Crawl Stone Soup version 0.20-a0-1122-gb7cbeb9 (webtiles) character file.

319 Gorglomux the Cudgeler (level 6, -2/44 HPs)
             Began as a Formicid Warper on May 14, 2017.
             Slain by a hippogriff (6 damage)
             ... on level 4 of the Dungeon.
             The game lasted 00:06:35 (4036 turns).

Gorglomux the Cudgeler (Formicid Warper)            Turns: 4036, Time: 00:06:36

Health: -2/44      AC:  6    Str: 16    XL:     6   Next: 74%
Magic:  9/9        EV:  9    Int: 14    God:
Gold:   178        SH:  0    Dex: 10    Spells: 7/9 levels left

rFire    . . .     SeeInvis +   a - +0 mace
rCold    . . .     Gourm    .   (no shield)
rNeg     . . .     Faith    .   i - +0 scale mail
rPois    .         Spirit   .   (helmet unavailable)
rElec    .         Reflect  .   (no cloak)
rCorr    .         Harm     .   (no gloves)
MR       .....                  (no boots)
Stlth    ..........             (no amulet)
Regen    0.2/turn               (no ring)
MPRegen  0.2/turn               (no ring)

@: no status effects
A: permanent stasis, dig shafts and tunnels, four strong arms, antennae 3
a: Dig, Shaft Self


You were on level 4 of the Dungeon.
You were not hungry.

You visited 1 branch of the dungeon, and saw 4 of its levels.

You collected 178 gold pieces.

Inventory:

Hand Weapons
 a - a +0 mace (weapon)
Missiles
 e - 4 tomahawks of dispersal {=f}
 o - a throwing net {=f, !d}
Armour
 b - a +0 leather armour
 i - a +0 scale mail (worn)
   (You found it on level 1 of the Dungeon)
Wands
 h - a wand of random effects (0/48)
   (You took it off Edmund on level 4 of the Dungeon)
 u - a wand of acid (10/15)
   (You found it on level 4 of the Dungeon)
Scrolls
 k - 2 scrolls of identify
 l - a scroll of immolation {unknown}
 n - a scroll of enchant weapon {unknown}
 p - 2 scrolls of enchant armour {unknown}
 r - a scroll of remove curse {unknown}
 t - a scroll of fear {unknown}
Potions
 d - a potion of brilliance {unknown}
 g - a potion of haste {unknown}
 j - a potion of curing
 m - 2 potions of cancellation
 q - 3 potions of might
 s - a potion of lignification {unknown}
Books
 c - a book of Spatial Translocations
Comestibles
 f - 3 bread rations {@e1@e1}


   Skills:
 - Level 2.1 Fighting
 + Level 6.6 Maces & Flails
 - Level 1.0 Throwing
 - Level 1.1 Armour
 - Level 1.7 Dodging
 - Level 2.1 Spellcasting
 - Level 2.6 Translocations


You had 7 spell levels left.
You knew the following spells:

 Your Spells              Type           Power        Failure   Level  Hunger
a - Shroud of Golubria    Chrm/Tloc      #.........   58%         2    ###....


Dungeon Overview and Level Annotations

Branches:
Dungeon (4/15)
 Temple: D:4-7

Altars:
Fedhas
Kikubaaqudgha
Nemelex Xobeh
Okawaru
Qazlal
Ru
Sif Muna
Vehumet
Xom

Annotations:
D:3 Sigmund


Innate Abilities, Weirdness & Mutations

You cannot be hasted, slowed, berserked, paralysed or teleported.
You can dig through walls and to a lower floor.
Your four strong arms can wield two-handed weapons with a shield.
You have a pair of large antennae on your head. (SInv)


Message History

The frilled lizard hisses angrily.
The kobold shouts!
You see here 4 gold pieces.
There are monsters nearby!
A frilled lizard comes into view.
The frilled lizard hisses angrily.
The frilled lizard closely misses you.
You barely miss the frilled lizard.
The frilled lizard bites you but does no damage.
Unknown command.
You hit the frilled lizard.
You kill the frilled lizard!
The kobold hits you but does no damage.
Unknown command.
You hit the kobold but do no damage. The kobold closely misses you.
You miss the frilled lizard. The kobold barely misses you.
The frilled lizard bites you.
You take 1 damage, and have 43/44 hp.
You closely miss the frilled lizard. The kobold hits you but does no damage.
The frilled lizard bites you but does no damage.
You hit the frilled lizard.
You kill the frilled lizard!
The kobold hits you.
You take 1 damage, and have 42/44 hp.
You hit the kobold. The kobold hits you but does no damage.
Your scale mail prevents you from hitting the kobold.
The kobold hits you but does no damage.
You closely miss the kobold. The kobold hits you.
You take 1 damage, and have 41/44 hp.
You hit the kobold.
You kill the kobold!
A rat comes into view.
You closely miss the rat. The rat closely misses you.
You hit the rat.
You kill the rat!
No target in view!
(D) Dungeon
Where to? (Enter - D:4 @ (x,y), ? - help)
You see here a rat corpse.
Found a stone staircase leading down.
You see here 17 stones.
There is a stone staircase leading down here.
You climb downwards.
There is a stone staircase leading up here.
You regained 2 hp, and now have 43/44 hp.
Eating a chunk of flesh {@w0@w0}.
You eat the chunk of flesh {@w0@w0}.
Found a stone staircase leading down.
Health restored: 44
s - a white potion
u - a wand of acid (?/15) No target in view!
m - 2 potions of cancellation (gained 1)
You sense a monster nearby.
No target in view!
A hippogriff comes into view.
The hippogriff screeches!
A hippogriff is nearby!
A hippogriff is nearby!
You closely miss the hippogriff. The hippogriff closely misses you.
The hippogriff pecks you but does no damage.
The hippogriff claws you but does no damage.
Your scale mail prevents you from hitting the hippogriff.
The hippogriff barely misses you. x2; The hippogriff closely misses you.
Aim: a hippogriff The hippogriff seems to speed up.
Evoking this partially-identified wand wasted a few charges.
The hippogriff misses you. The hippogriff pecks you. The hippogriff claws you.
The hippogriff closely misses you.
The hippogriff pecks you but does no damage.
The hippogriff claws you but does no damage.
You take 12 damage, and have 32/44 hp.
MASSIVE DAMAGE!!
Aim: a hippogriff (fast)
The fireball explodes!
The fireball engulfs the hippogriff.
The fireball engulfs you!
Evoking this partially-identified wand wasted a few charges.
The hippogriff closely misses you. The hippogriff pecks you.
The hippogriff claws you but does no damage.
You take 12 damage, and have 20/44 hp.
MASSIVE DAMAGE!!
Aim: a hippogriff (moderately wounded, fast) Nothing appears to happen.
Evoking this partially-identified wand wasted a few charges.
The hippogriff misses you. The hippogriff pecks you. The hippogriff claws you.
The hippogriff closely misses you. x2; The hippogriff barely misses you.
You take 4 damage, and have 16/44 hp.
Aim: a hippogriff (moderately wounded, fast)
The bolt of poison hits the hippogriff.
The hippogriff is poisoned.
Evoking this partially-identified wand wasted a few charges.
The hippogriff barely misses you.
The hippogriff pecks you but does no damage.
The hippogriff claws you.
* * * LOW HITPOINT WARNING * * *
You take 3 damage, and have 13/44 hp.
Aim: a hippogriff (moderately wounded, fast, poisoned)
The fireball explodes!
The fireball engulfs the hippogriff.
The fireball engulfs you!
* * * LOW HITPOINT WARNING * * *
Evoking this partially-identified wand wasted a few charges.
The hippogriff bites you.
You die...

#########
#%@.....###
#H#####...# #.
#......#
#.##.##...# ###
#........## #..
#........########.#
####.###..........#
#....###########
####.#


You could see a hippogriff.

Vanquished Creatures
  Edmund (D:4)
  An orc wizard (D:3)
  4 gnolls
  6 adders
  An ooze (D:3)
  3 worms (D:2)
  2 dart slugs (D:1)
  A leopard gecko (D:2)
  3 orcs
  11 bats
  A giant cockroach (D:1)
  9 goblins
  7 hobgoblins
  6 jackals
  7 kobolds
  3 quokkas
  A ball python (D:4)
  4 frilled lizards
  8 rats
79 creatures vanquished.

Notes
Turn   | Place    | Note
-------+----------+-------------------------------------------
     0 | D:1      | Gorglomux the Formicid Warper began the quest for the Orb.
     0 | D:1      | Reached XP level 1. HP: 16/16 MP: 3/3
    49 | D:1      | Gorglomux: sry im playing poorly
    55 | D:1      | Reached XP level 2. HP: 19/22 MP: 5/5
   159 | D:1      | PeterMcNeter: no problem at all
   323 | D:1      | Reached skill level 3 in Maces & Flails
   472 | D:1      | Reached XP level 3. HP: 27/27 MP: 6/6
   860 | D:2      | Found a stormy altar of Qazlal.
   861 | D:2      | Found a deep blue altar of Sif Muna.
   863 | D:2      | Found a radiant altar of Vehumet.
   867 | D:2      | Found a shimmering altar of Xom.
   867 | D:2      | Found a sparkling altar of Nemelex Xobeh.
   867 | D:2      | Found an ancient bone altar of Kikubaaqudgha.
   869 | D:2      | Found an iron altar of Okawaru.
   872 | D:2      | Found a blossoming altar of Fedhas.
   879 | D:2      | Gorglomux: !rng chei chei qaz chei oka
   879 | D:2      | beem: The RNG chooses: chei.
  1172 | D:2      | Reached XP level 4. HP: 33/33 MP: 7/7
  1177 | D:2      | Reached skill level 4 in Maces & Flails
  2095 | D:3      | Noticed Sigmund
  2165 | D:3      | Found a faded altar of an unknown god.
  2316 | D:2      | Reached XP level 5. HP: 13/38 MP: 8/8
  2540 | D:2      | HP: 7/38 [gnoll/spear (5)]
  2542 | D:2      | Gorglomux: what
  2542 | D:2      | Gorglomux: wut
  2545 | D:2      | PeterMcNeter: nice
  2545 | D:2      | Gorglomux: ??tomahawk of dispersal
  2545 | D:2      | beem: I don't have a page labeled tomahawk_of_dispersal in my learndb.
  2545 | D:2      | Gorglomux: this shouldnt happen
  2545 | D:2      | Gorglomux: i one shot hit
  2545 | D:2      | Gorglomux: it*
  2829 | D:2      | Reached skill level 5 in Maces & Flails
  2833 | D:2      | Gorglomux: ok so the 3 staircases are a complete mess
  2833 | D:2      | Gorglomux: one thing left to do
  2835 | D:2      | You fall through a shaft for 2 floors!
  2835 | D:4      | Noticed Edmund
  2863 | D:4      | Killed Edmund
  2863 | D:4      | Reached skill level 6 in Maces & Flails
  2863 | D:4      | Reached XP level 6. HP: 25/44 MP: 9/9
  3030 | D:4      | Learned a level 2 spell: Shroud of Golubria
  3373 | D:3      | Found a sacrificial altar of Ru.
  4029 | D:4      | Noticed a hippogriff
  4036 | D:4      | HP: 4/44 [shot self (9)]
  4036 | D:4      | Slain by a hippogriff

Vault maps used:
D:1:      noname_arrival_rooms_in_the_neighbourhood
D:2:      minitemple, first_bread
D:3:      nicolae_ru_great_annihilating_truth, makhleb_grotto_becter,
          chequers_ecumenical_altar_twisty, kennysheep_small_spiral,
          roderic_bali_sauvastika, serial_bayou_pond_a,
          minmay_misc_feat_columns, uniq_sigmund
D:4:      small_statue_intersection, minmay_bisected, uniq_edmund

Skill      XL: |  1  2  3  4  5 |
---------------+----------------+-----
Maces & Flails | 3 4 6 |  6.6
Fighting       | |  2.1
Throwing       | |  1.0
Armour         | |  1.1
Dodging        | |  1.7
Spellcasting   | |  2.1
Translocations | |  2.6

Action                   |  1- 3 |  4- 6 || total
-------------------------+-------+-------++-------
Melee: Mace              |   112 |   217 ||   329
Throw: Tomahawk          |       |     1 ||     1
 Abil: Dig               |       |     3 ||     3
       Shaft Self        |       |     1 ||     1
Evoke: Wand              |       |     5 ||     5
  Use: Potion            |       |     4 ||     4
       Scroll            |       |     3 ||     3
  Eat: Chunk             |     1 |     6 ||     7
       Bread ration      |       |     1 ||     1
Armor: Leather armour    |    14 |       ||    14
       Scale mail        |    57 |   115 ||   172
Dodge: Dodged            |    83 |   164 ||   247

Vault maps used:
D:1:      noname_arrival_rooms_in_the_neighbourhood
D:2:      minitemple, first_bread
D:3:      nicolae_ru_great_annihilating_truth, makhleb_grotto_becter,
          chequers_ecumenical_altar_twisty, kennysheep_small_spiral,
          roderic_bali_sauvastika, serial_bayou_pond_a,
          minmay_misc_feat_columns, uniq_sigmund
D:4:      small_statue_intersection, minmay_bisected, uniq_edmund

Table legend:
 A = Turns spent in this place as a percentage of turns spent in the entire game.
 B = Non-inter-level travel turns spent in this place as a percentage of non-inter-level travel turns spent in the entire game.
 C = Inter-level travel turns spent in this place as a percentage of turns spent in this place.
 D = Turns resting spent in this place as a percentage of non-inter-level travel turns spent in this place.
 E = Turns spent auto-exploring this place as a percentage of non-inter-level travel turns spent in this place.
 F = Non-inter-level travel turns spent in this place divided by the number of levels of this place that you've seen.
                   A       B       C       D       E      F
               +-------+-------+-------+-------+-------+----------------------
         Total | 100.0 | 100.0 |   0.7 |   2.7 |   8.0 | 347.8
       Dungeon | 100.0 | 100.0 |   0.7 |   2.7 |   8.0 | 347.8
               +-------+-------+-------+-------+-------+----------------------

Table legend:
 A = Kills in this place as a percentage of kills in entire the game.
 B = Kills by you in this place as a percentage of kills by you in the entire game.
 C = Kills by friends in this place as a percentage of kills by friends in the entire game.
 D = Other kills in this place as a percentage of other kills in the entire game.
 E = Experience gained in this place as a percentage of experience gained in the entire game.
 F = Experience gained in this place divided by the number of levels of this place that you have seen.
                   A       B       C       D       E      F
               +-------+-------+-------+-------+-------+----------------------
         Total | 100.0 | 100.0 |  -nan |  -nan | 100.0 | 114.0
       Dungeon | 100.0 | 100.0 |  -nan |  -nan | 100.0 | 114.0
               +-------+-------+-------+-------+-------+----------------------
